 Dungeon Crawl Stone Soup version 0.29-a0-303-ge4682ce883 (webtiles) character file.

Game seed: 12951627000252340601

488 Dabor the Chopper (level 7, -1/68 HPs)
             Began as a Hill Orc Monk on Mar 24, 2022.
             Was a Believer of Beogh.
             Slain by a phantom (3 damage)
             ... on level 5 of the Dungeon.
             The game lasted 00:07:02 (5562 turns).

Dabor the Chopper (Hill Orc Monk)                   Turns: 5562, Time: 00:07:02

Health: -1/68      AC: 12    Str: 16    XL:     7   Next: 13%
Magic:  2/7        EV: 10    Int: 10    God:    Beogh [**....]
Gold:   185        SH:  0    Dex: 13    Spells: 6/6 levels left

rFire   . . .      SeeInvis .   a - +0 hand axe
rCold   . . .      Faith    .   (no shield)
rNeg    . . .      Spirit   .   f - +0 scale mail
rPois   .          Reflect  .   (no helmet)
rElec   .          Harm     .   e - +2 cloak
rCorr   .          Rampage  .   (no gloves)
Will    .....                   d - +2 pair of boots
Stlth   +.........              (no amulet)
HPRegen 0.21/turn               (no ring)
MPRegen 0.10/turn               (no ring)

@: no status effects
A: mutation resistance 1, robust 1
a: Renounce Religion, Smiting


You were on level 5 of the Dungeon.
You worshipped Beogh.
Beogh was pleased with you.
You visited 1 branch of the dungeon, and saw 5 of its levels.

You collected 185 gold pieces.

Inventory:

Hand Weapons
 a - a +0 hand axe (weapon)
Armour
 b - a +0 robe
 d - a +2 pair of boots (worn)
 e - a +2 cloak (worn)
 f - a +0 scale mail (worn)
 j - a +0 leather armour
Scrolls
 k - a scroll of enchant weapon
Potions
 m - 2 potions of magic


   Skills:
 + Level 5.6 Fighting
 + Level 6.1 Axes
 * Level 0.0 Armour
 + Level 3.8 Dodging
 - Level 3.6 Stealth
 * Level 0.0 Invocations


You had 6 spell levels left.
You didn't know any spells.
Your spell library contained the following spells:

 Spells                   Type           Power      Damage    Failure   Level
 Static Discharge         Conj/Air       0%         N/A       91%         2
 Ozocubu's Armour         Ice            0%         N/A       99%         3
 Dispel Undead            Necr           0%         3d6       100%        4
 Sticky Flame             Conj/Fire      0%         2d3       100%        4
 Metabolic Englaciation   Hex/Ice        0%         N/A       100%        5
 Simulacrum               Ice/Necr       0%         N/A       100%        6


Dungeon Overview and Level Annotations

Branches:
Dungeon (4/15)             Temple (0/1) D:4

Altars:
Dithmenos
Fedhas
Hepliaklqana

Shops:
D:4 [


Innate Abilities, Weirdness & Mutations

You are somewhat resistant to further mutation.
You are robust. (+10% HP)


Message History

The steam dragon hisses angrily.
The phantom barely misses you.
Aiming: Smiting
Press: ? - help, Dir - move target, f/p - phantom Smite: a phantom (blue smoke, moderately damaged)
You smite the phantom!
The phantom is severely damaged.
The phantom hits you.
* * * LOW HITPOINT WARNING * * *
The phantom blinks!
You blink.
The gnoll hits you from afar with a +0 spear.
* * * LOW HITPOINT WARNING * * *
Okay, then.
You hit the phantom.
The phantom is almost destroyed.
The gnoll hits you from afar with a +0 spear.
* * * LOW HITPOINT WARNING * * *
The phantom hits you.
* * * LOW HITPOINT WARNING * * *
The phantom blinks!
You blink.
You hit the phantom.
The phantom is almost destroyed.
The phantom closely misses you.
You hit the phantom.
The phantom is almost destroyed.
The phantom hits you.
* * * LOW HITPOINT WARNING * * *
You hit the phantom but do no damage.
The phantom is almost destroyed.
The phantom barely misses you.
You closely miss the phantom.
The phantom is almost destroyed.
The phantom hits you but does no damage.
You closely miss the phantom.
The phantom is almost destroyed.
The phantom barely misses you.
You hit the phantom.
The phantom is almost destroyed.
The phantom hits you.
You die...

##### #...#
#§#.#########
#§#.§....#..#
#.#.#..#.#.$+
#.#g§....#
#g#g.....#
#.#.#..#.#
######.#.@W...#
##..o...##+######
#........# #s
##.####### .# #.#
##o##
######..)#####
#......#.....#
#.####...###.#


You could see a phantom and 2 gnolls.

Vanquished Creatures
  A scorpion (D:3)
  3 hounds
  3 iguanas
  2 orc wizards
  7 gnolls
  3 adders
  5 worms
  A dart slug (D:2)
  8 orcs
  9 ball pythons
  3 bats
  3 endoplasms
  4 giant cockroaches
  9 goblins
  8 hobgoblins
  7 jackals
  7 kobolds
  6 quokkas
  2 frilled lizards
  7 rats
98 creatures vanquished.

Vanquished Creatures (others)
  A gnoll (D:4)
  An adder (D:4)
  2 orcs (D:4)
  2 jackals (D:4)
  50 plants
56 creatures vanquished.

Grand Total: 154 creatures vanquished

Notes
Turn   | Place    | Note
-------+----------+-------------------------------------------
     0 | D:1      | Dabor the Hill Orc Monk began the quest for the Orb.
     0 | D:1      | Reached XP level 1. HP: 19/19 MP: 1/1
   130 | D:1      | Reached XP level 2. HP: 24/27 MP: 2/2
   286 | D:1      | Reached XP level 3. HP: 23/33 MP: 3/3
  1345 | D:2      | Reached XP level 4. HP: 36/40 MP: 4/4
  2522 | D:3      | Found a blossoming altar of Fedhas.
  2535 | D:3      | Found a shadowy altar of Dithmenos.
  2711 | D:3      | Reached skill level 5 in Axes
  2711 | D:3      | Reached XP level 5. HP: 47/47 MP: 5/5
  3431 | D:3      | Reached skill level 5 in Fighting
  3431 | D:3      | Reached XP level 6. HP: 27/56 MP: 6/6
  3851 | D:4      | Found a staircase to the Ecumenical Temple.
  3901 | D:4      | Became a worshipper of Beogh the Brigand
  3901 | D:4      | Reached * piety under Beogh
  3901 | D:4      | Reached ** piety under Beogh
  4069 | D:4      | Found Venera's Dragon-Slaying Spoils.
  4264 | D:4      | Found a hazy altar of Hepliaklqana.
  4682 | D:4      | Reached skill level 6 in Axes
  4742 | D:4      | Reached XP level 7. HP: 60/61 MP: 7/7
  4769 | D:4      | Gained mutation: You are robust. (+10% HP) [potion of
                  | mutation]
  4769 | D:4      | Gained mutation: You are somewhat resistant to further
                  | mutation. [potion of mutation]
  5444 | D:4      | You fall into a shaft and drop 1 floor!
  5444 | D:5      | Entered Level 5 of the Dungeon
  5552 | D:5      | Noticed a steam dragon
  5558 | D:5      | HP: 1/68 [phantom (5)]
  5562 | D:5      | Slain by a phantom

Illustrated notes

Levels and vault maps discovered:
D:1:      lightli_arrival_windingriver, layout_loops_ring, minmay_tripent
D:2:      layout_loops_corners, serial_bayou_lagoon_a, st_stairs_8
D:3:      layout_loops_ring, mainiacjoe_overflow_large_starburst
D:4:      layout_layer_cave, nicolae_overflow_squiral,
          minmay_temple_entry_stoned_glass, nicolae_shop_dragon_depot,
          minmay_liquid_box, roderic_lattice_a, hangedman_decor_peaks_small,
          hangedman_decor_diamond_cutter, feat_on_display
D:5:      minmay_clustersquares, layout_loops_ring, led_sif_book,
          mainiacjoe_overflow_boulevard, st_stairs_14

Skill      XL: |  1  2  3  4  5  6 |
---------------+-------------------+-----
Fighting       | 4 5 |  5.6
Stealth        | 2 3 |  3.6
Dodging        | 3 |  3.8
Axes           | 5 6 |  6.1

Action                   |  1- 3 |  4- 6 |  7- 9 || total
-------------------------+-------+-------+-------++-------
Melee: Hand axe          |   157 |   317 |    69 ||   543
       Punch             |     1 |     2 |       ||     3
Invok: Convert to Beogh  |       |     1 |       ||     1
       Smiting           |       |       |     2 ||     2
  Use: Potion            |       |     6 |     1 ||     7
       Scroll            |       |     8 |     1 ||     9
 Stab: Sleeping          |     8 |     4 |       ||    12
Armor: Robe              |    47 |       |       ||    47
       Leather armour    |     7 |    35 |       ||    42
       Scale mail        |       |    54 |    30 ||    84
Dodge: Dodged            |   105 |   120 |    41 ||   266

Table legend: (Time is in decaauts)
 A = Elapsed time spent in this place.
 B = Non-inter-level travel time spent in this place.
 C = Inter-level travel time spent in this place.
 D = Time resting spent in this place.
 E = Time spent auto-exploring this place.
 F = Levels seen in this place.
 G = Mean time per level.
                   A        B        C        D        E       F      G
               +--------+--------+--------+--------+--------+-----+--------+
         Total |   5642 |   5523 |    119 |    850 |   3485 |   5 | 1128.4 |
       Dungeon |   5642 |   5523 |    119 |    850 |   3485 |   5 | 1128.4 |
               +--------+--------+--------+--------+--------+-----+--------+

Top non-repeatable levels by time:
     D:3: 1856 daAuts
     D:4: 1364 daAuts
     D:2: 1298 daAuts
     D:1: 1005 daAuts
     D:5: 117 daAuts
